 Dungeon Crawl Stone Soup version 0.21.0 (webtiles) character file.

6323 kegs the Fighter (level 10, 0/93 HPs)
             Began as a Minotaur Berserker on Jan 5, 2018.
             Was a Believer of Trog.
             Slain by a killer bee (4 damage)
             ... on level 8 of the Dungeon on Jan 6, 2018.
             The game lasted 01:19:44 (9385 turns).

kegs the Fighter (Minotaur Berserker)               Turns: 9385, Time: 01:19:45

Health: 0/93       AC:  7    Str: 25    XL:     10   Next: 64%
Magic:  9/9        EV: 15    Int:  4    God:    Trog [**....]
Gold:   269        SH:  0    Dex: 10    Spells: 9/9 levels left

rFire    . . .     SeeInvis .   S - +2 great sword (holy)
rCold    . . .     Gourm    .   (shield currently unavailable)
rNeg     + . .     Faith    .   h - +3 leather armour {rPois}
rPois    +         Spirit   .   (helmet restricted)
rElec    .         Reflect  .   (no cloak)
rCorr    .         Harm     .   (no gloves)
MR       +++..     Clarity  +   (no boots)
Stlth    +.........             K - amulet of the Four Winds {rN+ MR+++ Clar}
HPRegen  0.25/turn              (no ring)
MPRegen  0.11/turn              (no ring)

@: lethally poisoned (0 -> -20)
A: retaliatory headbutt, horns 2
a: Berserk, Trog's Hand, Burn Spellbooks, Renounce Religion


You were on level 8 of the Dungeon.
You worshipped Trog.
Trog was pleased with you.
You were not hungry.

You visited 2 branches of the dungeon, and saw 9 of its levels.

You collected 269 gold pieces.

Inventory:

Hand Weapons
 b - a +0 hunting sling
 e - a +2 flail of protection
 r - a +1 short sword of flaming
 A - a +0 rapier of draining
 D - a +0 shortbow
 J - a +0 blowgun
 S - a +2 great sword of holy wrath (weapon)
Missiles
 f - 407 stones (quivered)
 s - 7 curare-tipped needles
 t - 20 poisoned needles
 w - 3 javelins of penetration
 z - 4 tomahawks
 E - 170 arrows
 L - a throwing net
Armour
 h - a +3 leather armour of poison resistance (worn)
 q - a +2 ring mail of cold resistance
 P - a +2 leather armour of fire resistance
 Z - a +2 leather armour of poison resistance
Magical Staves
 l - an uncursed staff of poison {unknown}
Jewellery
 K - the amulet of the Four Winds (around neck) {rN+ MR+++ Clar}
   (You took it off a centaur on level 7 of the Dungeon)

   [amulet of nothing]

   It protects you from negative energy.
   It affects your resistance to hostile enchantments.
   It protects you against confusion.
 M - the amulet "Wilacrao" {Regen+ Dex+7}
   (You found it on level 7 of the Dungeon)

   [amulet of regeneration]

   It affects your dexterity (+7).
   It increases your rate of regeneration.
 N - an uncursed amulet of regeneration
 V - an uncursed amulet of faith
Wands
 a - a wand of random effects (29)
 i - a wand of paralysis (11)
 j - a wand of flame (58)
 k - a wand of clouds (4)
 I - a wand of iceblast (7)
 U - a wand of polymorph (8)
 X - a wand of acid (6)
Scrolls
 d - 11 scrolls of teleportation
 g - 7 scrolls of remove curse
 v - 4 scrolls of enchant armour
 F - a scroll of identify
Potions
 m - a potion of invisibility
 o - a potion of agility
 p - 2 potions of resistance
 u - 2 potions of cancellation {unknown}
 B - 2 potions of flight
 C - a potion of berserk rage {unknown}
 G - 2 potions of curing {unknown}
 H - a potion of brilliance {unknown}
 W - 2 potions of lignification {unknown}
Books
 T - a book of Callings

   Spells                             Type                      Level
   a - Summon Small Mammal            Summoning                    1
   b - Call Imp                       Summoning                    2
   c - Call Canine Familiar           Summoning                    3
   d - Summon Guardian Golem          Hexes/Summoning              3
   e - Summon Lightning Spire         Summoning/Air                4
   f - Summon Ice Beast               Ice/Summoning                4
   Trog disapproves of the use of such an item.
Comestibles
 c - 9 rations


   Skills:
 * Level 10.2 Fighting
 - Level 2.0(3.1) Short Blades
 * Level 4.0(4.3) Long Blades
   Level 9.8(10.3) Axes
   Level 4.9(8.0) Polearms
 * Level 10.0 Armour
 + Level 7.2 Dodging


You had 9 spell levels left.
You didn't know any spells.

Dungeon Overview and Level Annotations

Branches:
Dungeon (8/15)             Temple (1/1) D:4
   Lair: D:8-11

Altars:
Ashenzari
Dithmenos
Elyvilon
Fedhas
Gozag
Hepliaklqana
Kikubaaqudgha
Nemelex Xobeh
Okawaru
Qazlal
Sif Muna
Trog
Uskayaw
Vehumet
Wu Jian
Xom
Yredelemnul
Zin


Innate Abilities, Weirdness & Mutations

You reflexively headbutt those who attack you in melee.
You have a pair of horns on your head.


Message History

* * * LOW HITPOINT WARNING * * *
You are lethally poisoned!
The killer bee poisons you!
The queen bee calls on the killer bee to defend it!
The killer bee goes berserk!
The killer bee closely misses you. The killer bee completely misses you.
You riposte.
You hit the killer bee but do no damage.
Your headbutt misses the killer bee. You closely miss the killer bee.
Your headbutt misses the killer bee.
* * * LOW HITPOINT WARNING * * *
You feel very sick. The killer bee stings you!
* * * LOW HITPOINT WARNING * * *
The killer bee completely misses you.
The killer bee stings you but does no damage. x2
The queen bee calls on the killer bee to defend it!
The killer bee goes berserk!
The killer bee stings you.
* * * LOW HITPOINT WARNING * * *
The killer bee stings you.
You die...

#.....#....## #.#
###..##.....## #.#
.....#.......###.#
.....#........##.#
...###...........#
####........####.#
#§§§§......## #.#
§§§§.....### #.#
)§§§...### #@#
.§######
.......yyyyy...
###
.#.#######yr..#
..#. ##


You could see a queen bee, 5 killer bees and a quokka.

Vanquished Creatures
  A hydra (D:7)
  A gargoyle (D:7)
  A troll (D:7)
  A hippogriff (D:8)
  Sigmund (D:3)
  A yak (D:7)
  A wyvern (D:7)
  2 hungry ghosts (D:7)
  Menkaure (D:4)
  Edmund (D:4)
  The ghost of Typee the Magician, an amateur DEAE (D:3)
  A water moccasin (D:7)
  3 sky beasts
  A black bear (D:6)
  A necrophage (D:7)
  2 phantoms
  3 ogres
  8 centaurs
  3 big kobolds (D:7)
  2 bullfrogs
  A gnoll sergeant (D:7)
  5 scorpions
  8 killer bees
  3 howler monkeys (D:7)
  6 crimson imps
  2 quasits (D:7)
  A centaur zombie (D:5)
  A jelly (D:7)
  An orc priest (D:8)
  2 hounds
  6 orc wizards
  3 iguanas
  2 bullfrog skeletons
  Ijyb (D:4)
  6 worker ants
  A killer bee zombie (D:8)
  A hound zombie (D:5)
  A hound skeleton (D:6)
  2 worker ant zombies
  6 gnolls (D:7)
  8 adders
  2 shadow imps
  2 oozes
  An adder skeleton (D:6)
  4 worms
  3 dart slugs
  4 leopard geckos
  13 orcs
  7 bats
  2 giant cockroaches
  7 goblins
  5 hobgoblins
  4 jackals (D:7)
  9 quokkas
  A ball python (D:7)
  5 frilled lizards
  16 kobolds
  A leopard gecko skeleton (D:5)
  2 rats
191 creatures vanquished.

Vanquished Creatures (collateral kills)
  A worker ant (D:6)
1 creature vanquished.

Grand Total: 192 creatures vanquished

Notes
Turn   | Place    | Note
-------+----------+-------------------------------------------
     0 | D:1      | kegs the Minotaur Berserker began the quest for the Orb.
     0 | D:1      | Reached XP level 1. HP: 19/19 MP: 0/0
   492 | D:1      | Reached XP level 2. HP: 27/27 MP: 1/1
  1120 | D:2      | Reached XP level 3. HP: 33/33 MP: 2/2
  1402 | D:2      | Reached ** piety under Trog
  1880 | D:3      | Noticed Sigmund
  1932 | D:3      | Killed Sigmund
  1932 | D:3      | Reached skill level 5 in Fighting
  1932 | D:3      | Reached XP level 4. HP: 42/42 MP: 3/3
  1932 | D:3      | Reached XP level 5. HP: 48/48 MP: 4/4
  1933 | D:3      | Noticed a dagger
  2020 | D:3      | Noticed a hand axe
  2050 | D:3      | Found a hide-covered altar of Uskayaw.
  2053 | D:3      | Noticed Typee's ghost (amateur DEAE)
  2060 | D:3      | Killed Typee's ghost
  2060 | D:3      | Reached XP level 6. HP: 49/57 MP: 5/5
  2304 | D:3      | Reached skill level 5 in Axes
  3049 | D:4      | Noticed Menkaure
  3054 | D:4      | Killed Menkaure
  3054 | D:4      | Reached skill level 1 in Short Blades
  3054 | D:4      | Reached XP level 7. HP: 64/64 MP: 6/6
  3232 | D:4      | Noticed Ijyb
  3242 | D:4      | Killed Ijyb
  3247 | D:4      | Reached *** piety under Trog
  3547 | D:4      | Reached skill level 5 in Armour
  3715 | D:4      | Received a gift from Trog
  3802 | D:4      | Found a staircase to the Ecumenical Temple.
  3811 | Temple   | Entered the Ecumenical Temple
  4018 | D:4      | Noticed Edmund
  4028 | D:4      | Killed Edmund
  4169 | D:4      | Reached skill level 5 in Dodging
  4169 | D:4      | Reached XP level 8. HP: 73/73 MP: 7/7
  4804 | D:5      | Entered Level 5 of the Dungeon
  5012 | D:5      | Found a glowing silver altar of Zin.
  5719 | D:6      | Found a blossoming altar of Fedhas.
  5819 | D:6      | Found an opulent altar of Gozag.
  5869 | D:6      | Reached skill level 1 in Polearms
  6085 | D:6      | Found a stormy altar of Qazlal.
  6150 | D:6      | Found a shimmering altar of Xom.
  6359 | D:6      | Noticed an air elemental
  6630 | D:7      | Reached XP level 9. HP: 76/81 MP: 8/8
  6873 | D:7      | Reached **** piety under Trog
  7692 | D:7      | Noticed a troll
  7698 | D:7      | Killed a troll
  7698 | D:7      | Received a gift from Trog
  7845 | D:7      | Got a scintillating lead amulet
  7973 | D:7      | Reached XP level 10. HP: 78/91 MP: 9/9
  8049 | D:7      | Noticed a gargoyle
  8056 | D:7      | Killed a gargoyle
  8056 | D:7      | Reached skill level 1 in Long Blades
  8127 | D:7      | Noticed a six-headed hydra
  8134 | D:7      | Killed a six-headed hydra
  8505 | D:7      | Identified the Tome of Heat and Self-Improvement
  8967 | D:8      | Identified the amulet "Wilacrao" {Regen+ Dex+7} (You found it on level 7 of the Dungeon)
  9019 | D:8      | Reached skill level 10 in Fighting
  9383 | D:8      | Reached skill level 10 in Armour
  9385 | D:8      | HP: 4/93 [killer bee (4)]
  9385 | D:8      | Slain by a killer bee

Skill      XL: |  1  2  3  4  5  6  7  8  9 10 |
---------------+-------------------------------+-----
Fighting       | 4 5 6 7 9 10 | 10.2
Axes           | 4 5 6 8 9 |  9.8
Armour         | 3 4 5 7 9 10 | 10.0
Dodging        | 3 4 5 6 7 |  7.2
Short Blades   | 1 2 |  2.0
Polearms       | 2 4 |  4.9
Long Blades    | 4 |  4.0

Action                   |  1- 3 |  4- 6 |  7- 9 | 10-12 || total
-------------------------+-------+-------+-------+-------++-------
Melee: Hand axe          |    56 |       |       |       ||    56
       Headbutt          |    10 |     5 |    49 |    17 ||    81
       Broad axe         |    24 |    37 |   265 |       ||   326
       Great sword       |       |       |       |    69 ||    69
       Short sword       |       |       |       |     1 ||     1
 Fire: Hunting sling     |       |     5 |     6 |       ||    11
       Blowgun           |       |       |     5 |       ||     5
Throw: Stone             |       |       |     1 |       ||     1
Invok: Berserk           |     1 |     1 |     4 |     1 ||     7
       Burn Spellbooks   |       |     1 |       |     2 ||     3
       Trog's Hand       |       |       |     1 |       ||     1
  Use: Scroll            |     1 |     2 |     8 |     1 ||    12
       Potion            |       |     1 |     2 |     2 ||     5
  Eat: Chunk             |     3 |     2 |    15 |     2 ||    22
       Ration            |       |     1 |     2 |     1 ||     4
Armor: Animal skin       |     2 |       |       |       ||     2
       Leather armour    |    13 |     8 |    71 |    28 ||   120
       Scale mail        |       |     1 |     5 |       ||     6
       Ring mail         |       |       |    16 |       ||    16
Dodge: Dodged            |    55 |    14 |   237 |    91 ||   397
       Rpst.: Great sword |       |       |       |    26 ||    26
